 Dungeon Sprint DCSS version 0.18-a0-1805-g8ab820f (webtiles) character file.

3834 Kidiri the Covert (level 9, -18/47 HPs)
             Began as a Spriggan Enchanter on Apr 25, 2016.
             Was a Priest of Dithmenos.
             Demolished by a kraken (36 damage)
             ... in the Dungeon (Sprint II: "The Violet Keep of Menkaure").
             The game lasted 00:06:56 (747 turns).

Kidiri the Covert (Spriggan Enchanter)               Turns: 747, Time: 00:06:57

Health: -18/47     AC:  7    Str:  4    XL:     9   Next: 98%
Magic:  12/25      EV: 28    Int: 18    God:    Dithmenos [***...]
Gold:   653        SH:  6    Dex: 18    Spells: 9 memorised, 4 levels left

rFire  + . .     SeeInvis +     r - +1 dagger (speed)
rCold  . . .     Gourm    .     o - +2 robe {rF+}
rNeg   . . .     Faith    .     m - +0 buckler (curse)
rPois  .         Spirit   .     (helmet restricted)
rElec  .         Dismiss  .     q - +2 cloak
rCorr  .         Reflect  .     (gloves unavailable)
SustAt .         Harm     .     (boots unavailable)
MR     +....     NoTele   +     (no amulet)
Stlth  +++++++++.               (no ring)
                                (no ring)

@: wreathed by umbra, very quick, somewhat resistant to hostile enchantments,
incredibly stealthy
A: unfitting armour, see invisible, herbivore 3, speed 3, slow metabolism 2
a: Shadow Step, Renounce Religion


You were in the Dungeon.
You worshipped Dithmenos.
Dithmenos was most pleased with you.
You were not hungry.

You visited 1 branch You collected 1459 gold pieces.
You spent 806 gold pieces at shops.

Inventory:

Hand Weapons
 a - a +1 dagger
 r - a +1 dagger of speed (weapon)
Armour
 b - a +1 robe
 m - a cursed +0 buckler (worn)
 n - a +0 cloak
 o - a +2 robe of fire resistance (worn)
 q - a +2 cloak (worn)
Scrolls
 j - a scroll of blinking
 k - 3 scrolls of remove curse
 t - 2 scrolls of random uselessness {unknown}
 v - a scroll of magic mapping {unknown}
 y - a scroll of fog
 z - a scroll of enchant armour {unknown}
 A - a scroll of amnesia {unknown}
 D - a scroll of enchant weapon {unknown}
Potions
 e - 2 potions of curing
 f - 2 potions of heal wounds
 g - a potion of haste
 h - 4 potions of magic
 p - 2 potions of lignification
 s - 4 potions of flight {unknown}
 w - 3 potions of resistance {unknown}
 x - a potion of berserk rage
 B - a potion of agility
Books
 c - a book of Maledictions

   Spells                             Type                      Level
   a - Corona                         Hexes                        1
   b - Ensorcelled Hibernation        Hexes/Ice                    2
   c - Confuse                        Hexes                        3
   d - Tukima's Dance                 Hexes                        3
   e - Dazzling Spray                 Conjuration/Hexes            3
 i - a book of Geomancy

   Spells                             Type                      Level
   a - Sandblast                      Earth                        1
   b - Passwall                       Transmutation/Earth          2
   c - Stone Arrow                    Conjuration/Earth            3
   d - Petrify                        Transmutation/Earth          4
   e - Lee's Rapid Deconstruction     Earth                        5
Comestibles
 d - 3 bread rations
 u - a fruit
 C - a slice of pizza


   Skills:
 + Level 5.0 Fighting
 * Level 9.9 Short Blades
 + Level 4.6 Armour
 * Level 12.5 Dodging
 * Level 13.7 Stealth
 + Level 2.3 Shields
 * Level 11.0 Spellcasting
 + Level 3.9 Conjurations
 + Level 8.2 Hexes
 + Level 4.4 Transmutations
 + Level 4.9 Ice Magic
 * Level 4.4 Earth Magic
 - Level 2.2 Invocations


You had 4 spell levels left.
You knew the following spells:

 Your Spells              Type           Power        Failure   Level  Hunger
a - Corona                Hex            #####..      1%          1    None
b - Ensorcelled Hibernat  Hex/Ice        ####..       1%          2    None
c - Confuse               Hex            #####...     1%          3    None
d - Tukima's Dance        Hex            #####...     1%          3    None
e - Dazzling Spray        Conj/Hex       ####....     2%          3    None
f - Passwall              Trmt/Erth      ####......   2%          2    None
g - Stone Arrow           Conj/Erth      ###...       8%          3    None
h - Petrify               Trmt/Erth      ####....     17%         4    ##.....
i - Lee's Rapid Deconstr  Erth           ####......   50%         5    #####..


Dungeon Overview and Level Annotations

Branches:
Dungeon (1/1)

Altars:
Cheibriados
Dithmenos
Elyvilon
Fedhas
Gozag
Kikubaaqudgha
Makhleb
Nemelex Xobeh
Okawaru
Pakellas
Qazlal
Ru
Sif Muna
Trog
Vehumet
Xom
Yredelemnul
Zin
The Shining One
Beogh
Jiyva
Lugonu

Shops:
D ::?!%}:[[[=!?=([

Annotations:
D exclusion: oklob plant, Roxanne


Innate Abilities, Weirdness & Mutations

You are tiny and cannot use many weapons and most armour.
You have supernaturally acute eyesight.
You are a herbivore.
You cover ground extremely quickly.
You need consume almost no food.


Message History

You hit the kraken but do no damage.
The kraken is moderately wounded.
Tentacles burst out of the water! 4 tentacles come into view.
Casting: Dazzling Spray
Confirm with . or Enter, or press ? or * to list all spells.
Aiming: Dazzling Spray
Press: ? - help, Shift-Dir - straight line, f - tentacle
Aim: a tentacle (water, umbra)
The spray of energy hits the tentacle.
The tentacle is lightly wounded.
The spray of energy hits the tentacle.
The tentacle is lightly wounded.
The spray of energy hits the kraken.
The kraken is moderately wounded.
The tentacle slaps you!
The tentacle slaps you but does no damage.
The kraken bites you!!!
Ouch! That really hurt!
You die...

.# #::▓.(.()(..▓▓
.####):▓...[).(.▓▓
...####▓..([.[[.▓▓
#..##.#▓......(.▓▓
+..#..#▓....)..(▓▓
#..#.†#▓.%)(.().▓▓
#..##)#▓)...(...▓▓
##...##▓▓▓▓▓▓▓'▓▓▓▓+▓
.≈≈≈≈≈≈≈≈≈≈≈≈≈..@X≈≈▓
.≈#+########+###.≈≈≈▓
.≈#........#≈≈§##≈≈≈▓
.≈#...._._.#≈§§§ ###▓
≈≈#..._._._#§§§§
≈≈#.._._._.#§§t§§
§≈#._._._._#§≈§≈≈
§≈#_._._._.#§t§§§
≈≈#._._._..#≈§§§


You could see a kraken (blind).

Vanquished Creatures
  A fire dragon (D)
  A yaktaur (D)
  3 polar bears (D)
  A blink frog (D)
  2 boulder beetles (D)
  2 slime creatures (D)
  3 yaks (D)
  Menkaure (D)
  A wasp (D)
  4 necrophages (D)
  A crocodile (D)
  4 worker ants (D)
  3 worms (D)
  A tentacle (D)
28 creatures vanquished.

Vanquished Creatures (others)
  15 tentacles (D)
  6 tentacle segments (D)
21 creatures vanquished.

Grand Total: 49 creatures vanquished

Notes
Turn   | Place    | Note
--------------------------------------------------------------
     0 | D        | Kidiri the Spriggan Enchanter began the quest for the Orb.
     0 | D        | Reached XP level 1. HP: 9/9 MP: 5/5
    11 | D        | Noticed a lava snake
    12 | D        | Noticed a lava snake
    12 | D        | Noticed a lava snake
    14 | D        | Reached XP level 2. HP: 14/14 MP: 5/7
    24 | D        | Learned a level 2 spell: Ensorcelled Hibernation
    46 | D        | Noticed a boulder beetle
    46 | D        | Noticed a boulder beetle
    49 | D        | Noticed a necrophage
    49 | D        | Noticed a necrophage
    49 | D        | Noticed a necrophage
    49 | D        | Noticed a necrophage
    65 | D        | Killed a necrophage
    65 | D        | Reached skill level 1 in Fighting
    65 | D        | Reached skill level 1 in Armour
    65 | D        | Reached skill level 5 in Dodging
    65 | D        | Reached skill level 6 in Stealth
    65 | D        | Reached skill level 5 in Spellcasting
    65 | D        | Reached skill level 1 in Ice Magic
    65 | D        | Reached XP level 3. HP: 18/18 MP: 7/10
    65 | D        | Reached XP level 4. HP: 23/23 MP: 8/12
    69 | D        | Killed a necrophage
    69 | D        | Reached skill level 5 in Short Blades
    69 | D        | Reached skill level 8 in Stealth
    69 | D        | Reached skill level 5 in Hexes
    69 | D        | Reached XP level 5. HP: 26/26 MP: 8/14
    77 | D        | Learned a level 3 spell: Confuse
    81 | D        | Learned a level 3 spell: Tukima's Dance
    85 | D        | Learned a level 3 spell: Dazzling Spray
    93 | D        | Killed a necrophage
    96 | D        | Killed a necrophage
    96 | D        | Reached skill level 9 in Stealth
    96 | D        | Reached skill level 1 in Conjurations
    96 | D        | Reached XP level 6. HP: 30/32 MP: 13/17
   144 | D        | Killed a boulder beetle
   144 | D        | Reached skill level 10 in Stealth
   144 | D        | Reached XP level 7. HP: 36/36 MP: 13/19
   146 | D        | Killed a boulder beetle
   146 | D        | Reached skill level 10 in Dodging
   146 | D        | Reached skill level 11 in Stealth
   161 | D        | Noticed Menkaure
   163 | D        | Killed Menkaure
   179 | D        | Noticed Roxanne
   183 | D        | Found Liussyne's Armour Shop.
   185 | D        | Found Taf Cap's Antique Weapon Boutique.
   186 | D        | Found Atixas Kiawe's Magic Scroll Boutique.
   186 | D        | Found Jerank's Distillery.
   188 | D        | Found Fozu's Armour Shop.
   188 | D        | Found Pugraom's Antique Armour Boutique.
   189 | D        | Noticed a blink frog
   191 | D        | Killed a blink frog
   191 | D        | Reached XP level 8. HP: 42/42 MP: 16/22
   192 | D        | Found Otamel's Gadget Boutique.
   192 | D        | Found Deur's Food Shop.
   194 | D        | Found Ewnaycli's Magic Scroll Shop.
   194 | D        | Found Dureuk's Antique Armour Shop.
   194 | D        | Found Heukkidu's Book Boutique.
   195 | D        | Found Houj's Jewellery Shop.
   195 | D        | Found Cunomn's Distillery.
   195 | D        | Noticed an unseen horror
   196 | D        | Found Nibef's Jewellery Shop.
   196 | D        | Found Nunotorch's Book Boutique.
   198 | D        | Noticed an unseen horror
   198 | D        | Noticed an oklob plant
   199 | D        | Found Ifyvef's Book Shoppe.
   205 | D        | Noticed a shining eye
   205 | D        | Noticed a shining eye
   217 | D        | Bought a book of Geomancy for 420 gold pieces
   220 | D        | Learned a level 2 spell: Passwall
   224 | D        | Learned a level 3 spell: Stone Arrow
   229 | D        | Learned a level 4 spell: Petrify
   238 | D        | Bought a scroll of remove curse for 33 gold pieces
   238 | D        | Bought a scroll of identify for 22 gold pieces
   240 | D        | Bought a cursed +0 buckler for 21 gold pieces
   248 | D        | Bought a +0 cloak for 63 gold pieces
   248 | D        | Bought a +2 robe of fire resistance for 247 gold pieces
   287 | D        | Found a stormy altar of Qazlal.
   288 | D        | Found an oddly glowing altar of Pakellas.
   289 | D        | Found an opulent altar of Gozag.
   289 | D        | Found a sparkling altar of Nemelex Xobeh.
   289 | D        | Found a viscous altar of Jiyva.
   289 | D        | Found a corrupted altar of Lugonu.
   290 | D        | Found a blossoming altar of Fedhas.
   290 | D        | Found an iron altar of Okawaru.
   290 | D        | Found a white marble altar of Elyvilon.
   291 | D        | Found a snail-covered altar of Cheibriados.
   291 | D        | Found a shadowy altar of Dithmenos.
   292 | D        | Found a basalt altar of Yredelemnul.
   292 | D        | Found a glowing golden altar of the Shining One.
   293 | D        | Found a bloodstained altar of Trog.
   294 | D        | Found a burning altar of Makhleb.
   294 | D        | Found a roughly hewn altar of Beogh.
   294 | D        | Found a radiant altar of Vehumet.
   294 | D        | Found an ancient bone altar of Kikubaaqudgha.
   294 | D        | Found a sacrificial altar of Ru.
   295 | D        | Found a shimmering altar of Xom.
   295 | D        | Found a deep blue altar of Sif Muna.
   295 | D        | Found a glowing silver altar of Zin.
   300 | D        | Became a worshipper of Dithmenos the Shadowed
   315 | D        | Reached skill level 1 in Transmutations
   315 | D        | Reached skill level 1 in Earth Magic
   317 | D        | Reached skill level 12 in Stealth
   317 | D        | Reached skill level 1 in Invocations
   319 | D        | Reached * piety under Dithmenos
   328 | D        | Noticed a yaktaur
   328 | D        | Noticed a polar bear
   329 | D        | Noticed a polar bear
   329 | D        | Noticed a polar bear
   332 | D        | Killed a polar bear
   332 | D        | Reached skill level 1 in Shields
   341 | D        | Killed a polar bear
   341 | D        | Reached skill level 10 in Spellcasting
   341 | D        | Reached XP level 9. HP: 37/46 MP: 10/24
   343 | D        | Reached ** piety under Dithmenos
   349 | D        | Killed a yaktaur
   351 | D        | Killed a polar bear
   351 | D        | Reached skill level 13 in Stealth
   372 | D        | Learned a level 5 spell: Lee's Rapid Deconstruction
   372 | D        | Noticed a fire dragon
   374 | D        | Killed a fire dragon
   374 | D        | Reached *** piety under Dithmenos
   393 | D        | Noticed a deep elf master archer
   424 | D        | Killed a large slime creature
   424 | D        | Reached skill level 5 in Fighting
   461 | D        | Noticed a kraken
   747 | D        | Demolished by a kraken

Vault maps used:
D:        the_violet_keep_of_menkaure

Skill      XL: |  1  2  3  4  5  6  7  8  9 |
---------------+----------------------------+-----
Spellcasting   | 3 5 6 7 8 9 10 11 | 11.0
Short Blades   | 2 4 5 6 7 8 9 |  9.9
Dodging        | 4 5 7 8 9 10 11 12 | 12.5
Fighting       | 1 2 3 4 5 |  5.0
Armour         | 1 2 3 4 |  4.6
Stealth        | 6 8 9 10 11 12 13 | 13.7
Hexes          | 4 5 6 7 8 |  8.2
Ice Magic      | 1 2 3 4 |  4.9
Conjurations   | 1 2 3 |  3.9
Transmutations | 2 4 |  4.4
Earth Magic    | 2 4 |  4.4
Invocations    | 1 2 |  2.2
Shields        | 1 2 |  2.3

Action                   |  1- 3 |  4- 6 |  7- 9 || total
-------------------------+-------+-------+-------++-------
Melee: Dagger            |     8 |    12 |    46 ||    66
 Cast: Ensorcelled Hiber |       |     2 |    12 ||    14
       Confuse           |       |       |     5 ||     5
       Dazzling Spray    |       |       |     4 ||     4
  Use: Potion            |     1 |       |     1 ||     2
       Scroll            |       |       |     3 ||     3
 Stab: Sleeping          |     3 |     8 |    11 ||    22
       Confused          |       |       |     8 ||     8
       Invisible         |       |       |     1 ||     1
Armor: Robe              |       |       |     1 ||     1
Dodge: Dodged            |     2 |     4 |    26 ||    32
Block: Buckler           |       |       |     3 ||     3
